 Dungeon Crawl Stone Soup version 0.23.2-40-g277498a001 (webtiles) character file.

Game seed: 4471172992677375667

601 FishyPogo the Sneak (level 7, -11/57 HPs)
             Began as a Naga Wizard on Aug 23, 2019.
             Was a Follower of Makhleb.
             Mangled by an ogre
             ... wielding a cursed +0 giant club
              (22 damage)
             ... on level 5 of the Dungeon.
             The game lasted 00:19:13 (4291 turns).

FishyPogo the Sneak (Naga Wizard)                   Turns: 4291, Time: 00:19:13

Health: -11/57     AC:  5    Str:  8 (9)  XL:     7   Next: 41%
Magic:  12/13      EV: 10    Int: 20 (21) God:    Makhleb [*.....]
Gold:   165        SH:  0    Dex:  8 (9)  Spells: 7/14 levels left

rFire    + . .     SeeInvis +   b - +2 dagger (holy)
rCold    + . .     Gourm    .   (no shield)
rNeg     . . .     Faith    .   t - +0 robe
rPois    +         Spirit   .   o - +1 hat
rElec    +         Reflect  .   (no cloak)
rCorr    +         Harm     .   (no gloves)
MR       .....                  (no barding)
Stlth    +++.......             l - amulet of inaccuracy (curse)
HPRegen  0.19/turn              s - ring of stealth
MPRegen  0.13/turn              q - ring of flight

@: resistant, very slightly contaminated, very slow
A: large, rugged brown scales 1, see invisible, deformed body, poison
resistance, slowness 2, slow metabolism 1, spit poison 1, MP-powered wands, AC
+2
a: Spit Poison, Renounce Religion, Evoke Flight


You were on level 5 of the Dungeon.
You worshipped Makhleb.
Makhleb was aware of your devotion.
You were hungry.

You visited 1 branch of the dungeon, and saw 5 of its levels.

You collected 165 gold pieces.

Inventory:

Hand Weapons
 a - a +2 short sword of electrocution
 b - a +2 dagger of holy wrath (weapon)
Missiles
 i - 6 tomahawks (quivered)
Armour
 h - a +0 buckler
 o - a +1 hat (worn)
 t - a +0 robe (worn)
Jewellery
 c - an uncursed amulet of magic regeneration {unknown}
 l - a cursed amulet of inaccuracy (around neck)
 q - a ring of flight (right hand)
 s - a ring of stealth (left hand)
Scrolls
 e - 2 scrolls of enchant armour
 f - 2 scrolls of teleportation
 g - 3 scrolls of identify
 j - a scroll of fog
 u - 2 scrolls of remove curse {unknown}
 w - a scroll of immolation {unknown}
Potions
 m - a potion of agility
 r - 2 potions of magic
Comestibles
 d - 6 rations


   Skills:
 - Level 0.6 Fighting
 - Level 1.0 Short Blades
 * Level 1.2 Armour
 - Level 2.8 Dodging
 + Level 4.5 Stealth
 * Level 1.3 Shields
 * Level 4.3 Spellcasting
 * Level 3.2 Conjurations
   Level 1.0 Summonings
   Level 1.0 Translocations
 + Level 1.6 Air Magic
 * Level 3.4 Poison Magic


You had 7 spell levels left.
You knew the following spells:

 Your Spells              Type           Power        Failure   Level  Hunger
a - Magic Dart            Conj           ###.         3%          1    None
b - Mephitic Cloud        Conj/Pois/Air  ###.....     12%         3    ###....
d - Conjure Flame         Conj/Fire      ##......     19%         3    ###....

Your spell library contained the following spells:

 Spells                   Type           Power        Failure   Level  Hunger
 Blink                    Tloc           N/A          12%         2    #......
 Call Imp                 Summ           #.......     12%         2    #......
 Slow                     Hex            #.......     19%         2    #......


Dungeon Overview and Level Annotations

Branches:
Dungeon (5/15)
 Temple: D:4-7

Altars:
Dithmenos
Fedhas
Makhleb
Nemelex Xobeh
Ru
Trog
Vehumet
Yredelemnul
Zin

Annotations:
D:5 Edmund


Innate Abilities, Weirdness & Mutations

You cannot wear boots.
Your serpentine skin is tough. (AC +2)
You have supernaturally acute eyesight. (SInv)
Armour fits poorly on your strangely shaped body.
Your system is resistant to poisons. (rPois)
You cover ground very slowly.
You have a slow metabolism.
You can spit poison.
You are partially covered in rugged brown scales. (AC +1, +3% HP)
You expend magic power (3 MP) to strengthen your wands.


Message History

The ogre is heavily wounded.
The ogre hits you with a cursed +0 giant club!!
Ouch! That really hurt!
* * * LOW HITPOINT WARNING * * *
Casting: Magic Dart (safe; 3% risk of failure)
Confirm with . or Enter, or press ? or * to list all spells.
Aiming: Magic Dart (safe; 3% risk of failure)
Press: ? - help, Shift-Dir - straight line, f/p - ogre
Aim: an ogre, wielding a +0 giant club (heavily wounded, poisoned)
You miscast Magic Dart.
You are very lightly contaminated with residual magic.
Sparks fly from your hands! The ogre closely misses you.
It was a potion of mutation.
You feel extremely strange.
Rugged brown scales grow over part of your body.
You feel your magical essence link to your wands.
It was a potion of resistance.
You feel protected.
The ogre looks more healthy.
The ogre hits you with a cursed +0 giant club!!
You die... oo....

.w.... §..§.§
§§a§.# §§.§#
##...####
#o...##.#
.#####O#####.#
....>...@...#.#
###########.#.#
#....####.#
#..#......#
#..#.######
#..#.####
#..#....#
#..####.# #..#
#.#


You could see an ogre and an orc.

Vanquished Creatures
  An ogre (D:4)
  A bullfrog (D:3)
  A centaur zombie (D:5)
  A bullfrog skeleton (D:4)
  A hound (D:4)
  An orc wizard (D:4)
  4 worker ants (D:4)
  A worker ant zombie (D:5)
  11 adders
  6 worms
  5 dart slugs
  6 leopard geckos
  7 orcs
  6 bats
  5 giant cockroaches
  11 goblins
  9 hobgoblins
  A quokka (D:3)
  5 frilled lizards
  11 kobolds
  6 rats
100 creatures vanquished.

Notes
Turn   | Place    | Note
-------+----------+-------------------------------------------
     0 | D:1      | FishyPogo the Naga Wizard began the quest for the Orb.
     0 | D:1      | Reached XP level 1. HP: 15/15 MP: 4/4
   323 | D:1      | Reached XP level 2. HP: 22/22 MP: 4/6
   785 | D:1      | Reached XP level 3. HP: 22/28 MP: 0/7
  1282 | D:2      | Reached XP level 4. HP: 36/36 MP: 2/9
  1363 | D:2      | Learned a level 3 spell: Mephitic Cloud
  1389 | D:2      | Learned a level 3 spell: Conjure Flame
  1463 | D:2      | Found a sacrificial altar of Ru.
  1557 | D:2      | Found a bloodstained altar of Trog.
  1626 | D:2      | Found a sparkling altar of Nemelex Xobeh.
  1741 | D:2      | Found a glowing silver altar of Zin.
  1956 | D:3      | Noticed a bullfrog
  2038 | D:3      | Found a burning altar of Makhleb.
  2046 | D:3      | Became a worshipper of Makhleb the Destroyer
  2051 | D:3      | Reached skill level 1 in Poison Magic
  2126 | D:3      | Reached XP level 5. HP: 31/42 MP: 3/10
  2532 | D:3      | Reached XP level 6. HP: 39/50 MP: 7/11
  2787 | D:4      | Reached skill level 1 in Short Blades
  3204 | D:4      | Reached skill level 1 in Air Magic
  3239 | D:4      | Reached * piety under Makhleb
  3389 | D:4      | Reached XP level 7. HP: 40/56 MP: 10/13
  3405 | D:4      | Reached skill level 1 in Shields
  3655 | D:4      | Reached skill level 1 in Armour
  3916 | D:4      | Found a blossoming altar of Fedhas.
  3919 | D:4      | Found a radiant altar of Vehumet.
  3923 | D:4      | Found a basalt altar of Yredelemnul.
  4111 | D:5      | Entered Level 5 of the Dungeon
  4193 | D:5      | Noticed Edmund
  4282 | D:5      | Found a shadowy altar of Dithmenos.
  4290 | D:5      | Gained mutation: You are partially covered in rugged brown
                  | scales. (AC +1, +3% HP) [potion of mutation]
  4290 | D:5      | Gained mutation: You expend magic power (3 MP) to
                  | strengthen your wands. [potion of mutation]
  4291 | D:5      | Mangled by an ogre

Skill      XL: |  1  2  3  4  5  6  7 |
---------------+----------------------+-----
Dodging        | 2 |  2.8
Conjurations   | 2 3 |  3.2
Poison Magic   | 1 2 3 |  3.4
Stealth        | 4 |  4.5
Short Blades   | 1 |  1.0
Spellcasting   | 4 |  4.3
Air Magic      | 1 |  1.6
Shields        | 1 |  1.3
Armour         | 1 |  1.2
Fighting       | |  0.6
Summonings     | |  1.0
Translocations | |  1.0

Action                   |  1- 3 |  4- 6 |  7- 9 || total
-------------------------+-------+-------+-------++-------
Melee: Unarmed           |    20 |     8 |       ||    28
       Short sword       |       |    71 |    16 ||    87
       Dagger            |       |     3 |    12 ||    15
 Cast: Magic Dart        |    58 |   135 |    14 ||   207
 Abil: Spit Poison       |    33 |    54 |     6 ||    93
  Use: Scroll            |       |     7 |       ||     7
       Potion            |       |       |     4 ||     4
 Stab: Sleeping          |       |     2 |     4 ||     6
  Eat: Chunk             |     2 |     9 |     2 ||    13
Armor: Robe              |    16 |    33 |     6 ||    55
Dodge: Dodged            |    27 |    81 |    20 ||   128
